 Dungeon Crawl Stone Soup version 0.30-a0-170-g85af917532 (webtiles) character file.

Game seed: 15577652705177619718

25 Zonian the Sneak (level 3, 0/18 HPs)
             Began as a Vine Stalker Brigand on Sept 30, 2022.
             Slain by a worm (8 damage)
             ... on level 2 of the Dungeon.
             The game lasted 00:01:08 (918 turns).

Zonian the Sneak (Vine Stalker Brigand)              Turns: 918, Time: 00:01:08

Health: 0/18       AC:  3    Str: 13    XL:     3   Next: 6%
Magic:  0/4        EV: 12    Int: 11    God:
Gold:   73         SH:  0    Dex: 17    Spells: 2/2 levels left

rFire   . . .      SeeInvis .    a - +2 dagger
rCold   . . .      Faith    .    (no shield)
rNeg    . . .      Spirit   +    b - +0 robe
rPois   .          Reflect  .    (no helmet)
rElec   .          Harm     .    c - +0 cloak
rCorr   .          Rampage  .    (no gloves)
Will    .....                    (no boots)
Stlth   +++.......               (no amulet)
HPRegen 0.06/turn                (no ring)
MPRegen 0.09/turn                (no ring)

@: no status effects
A: fangs 2, magic shield, antimagic bite, no potion heal 2
a: no special abilities


You were on level 2 of the Dungeon.
You visited 1 branch of the dungeon, and saw 2 of its levels.

You collected 73 gold pieces.

Inventory:

Hand Weapons
 a - a +2 dagger (weapon)
Missiles
 d - 9 poisoned darts (quivered)
 e - 3 curare-tipped darts
Armour
 b - a +0 robe (worn)
 c - a +0 cloak (worn)
Jewellery
 m - a ring of ice
Scrolls
 h - a scroll of teleportation {unknown}
 k - a scroll of identify {unknown}
 n - a scroll of fear {unknown}
Potions
 f - a potion of haste {unknown}
 g - a potion of mutation {unknown}
 i - a potion of flight {unknown}
 j - a potion of berserk rage {unknown}
 l - a potion of might {unknown}


   Skills:
 + Level 2.1 Fighting
 + Level 2.1 Short Blades
 + Level 2.1 Throwing
 + Level 1.2 Dodging
 + Level 5.1 Stealth


You had 2 spell levels left.
You didn't know any spells.
Your spell library was empty.

Dungeon Overview and Level Annotations

Branches:
Dungeon (2/15)

Altars:


Innate Abilities, Weirdness & Mutations

You have extremely sharp teeth.
When hurt, damage is shared between your health and your magic reserves.
Your bite disrupts and absorbs the magic of your enemies.
Potions cannot restore your health.


Message History

Done exploring.
Done exploring.
Done exploring.
Unknown command.
(D) Dungeon
Where to? (? - help)
There is a stone staircase leading down here.
You climb downwards.
Found 3 stones.
There is a stone staircase leading up here.
Unknown command.
A ball python comes into view.
A ball python is nearby!
Unknown command.
A worm comes into view.
The helpless ball python fails to defend itself.
You impale the ball python!!
You kill the ball python!
Unknown command.
You hit the worm.
The worm is moderately wounded.
The worm bites you!
You hit the worm. Your bite misses the worm.
The worm is heavily wounded.
You hit the worm but do no damage. Your punch misses the worm.
The worm is heavily wounded.
The worm bites you.
You are too injured to fight recklessly!
You are too injured to fight recklessly!
Unknown command.
You barely miss the worm.
The worm is heavily wounded.
The worm bites you but does no damage.
You hit the worm. You bite the worm, but do no damage.
The worm is heavily wounded.
Unknown command.
You barely miss the worm.
The worm is heavily wounded.
The worm bites you!
You die...

..# #.# #.# #.# #.#
#.# ########.#######
#.# #...............
##.####.......<.....(#
#... ....#####.#####.#
#..####.######.#
#.....@w.......#
#.#####.######## ...
#.# #### #.# #.. ###


You could see a worm.

Vanquished Creatures
  A bat (D:1)
  An endoplasm (D:1)
  2 giant cockroaches (D:1)
  3 goblins (D:1)
  4 hobgoblins (D:1)
  2 kobolds (D:1)
  A quokka (D:1)
  5 ball pythons
  A frilled lizard (D:1)
  3 rats (D:1)
23 creatures vanquished.

Notes
Turn   | Place    | Note
-------+----------+-------------------------------------------
     0 | D:1      | Zonian the Vine Stalker Brigand began the quest for the
                  | Orb.
     0 | D:1      | Reached XP level 1. HP: 11/11 MP: 2/2
   102 | D:1      | Reached skill level 1 in Dodging
   102 | D:1      | Reached XP level 2. HP: 15/15 MP: 3/3
   109 | D:1      | Reached skill level 5 in Stealth
   542 | D:1      | Found a faded altar of an unknown god.
   563 | D:1      | Reached XP level 3. HP: 18/18 MP: 4/4
   918 | D:2      | Slain by a worm

Illustrated notes

Levels and vault maps discovered:
D:1:      dpeg_arrival_oval, layout_loops_ring, basic_ecumenical_altar
D:2:      cheibrodos_fertilizer, layout_loops_ring, minivault_14

Skill      XL: |  1  2 |
---------------+-------+-----
Dodging        | 1 |  1.2
Short Blades   | 2 |  2.1
Stealth        | 5 |  5.1
Fighting       | 2 |  2.1
Throwing       | 2 |  2.1

Action                   || total
-------------------------++-------
Melee: Dagger            ||    50
       Bite              ||    10
 Stab: Sleeping          ||     9
Armor: Robe              ||     9
Dodge: Dodged            ||    15

Table legend: (Time is in decaauts)
 A = Elapsed time spent in this place.
 B = Non-inter-level travel time spent in this place.
 C = Inter-level travel time spent in this place.
 D = Time resting spent in this place.
 E = Time spent auto-exploring this place.
 F = Levels seen in this place.
 G = Mean time per level.
                   A        B        C        D        E       F      G
               +--------+--------+--------+--------+--------+-----+--------+
         Total |    912 |    898 |     14 |      0 |    708 |   2 |  456.0 |
       Dungeon |    912 |    898 |     14 |      0 |    708 |   2 |  456.0 |
               +--------+--------+--------+--------+--------+-----+--------+

Top non-repeatable levels by time:
     D:1: 888 daAuts
     D:2: 24 daAuts
